 Dungeon Crawl Stone Soup version 0.31-a0-167-g1c394c0614 (webtiles) character file.

Game seed: 13179149328773393944

91 lunkers the Covered (level 5, 0/47 HPs)
             Began as a Meteoran Wanderer on June 14, 2023.
             Succumbed to an adder's poison
             ... on level 3 of the Dungeon.
             The game lasted 00:05:20 (782 turns).

lunkers the Covered (Meteoran Wanderer)              Turns: 782, Time: 00:05:21

Health: 0/47       AC:  7    Str: 19    XL:     5   Next: 13%
Magic:  6/6        EV:  9    Int: 14    God:
Gold:   89         SH:  0    Dex:  9    Spells: 4/4 levels left

rFire   . . .        a - +3 dagger
rCold   . . .        (no shield)
rNeg    . . .        c - +0 scale mail
rPois   .            (no helmet)
rElec   .            (no cloak)
rCorr   .            (no gloves)
SInv    .            (no boots)
Will    .....        (no amulet) Stlth
                     (no ring)
HPRegen 0.27/turn    (no ring)
MPRegen 0.10/turn

%: no passive effects
@: lethally poisoned (0 -> -3), glowing
A: sense surroundings 1, otherworldly, glowing, explore regen
a: no special abilities


You were on level 3 of the Dungeon.
You visited 1 branch of the dungeon, and saw 3 of its levels.

You collected 89 gold pieces.

Inventory:

Hand Weapons
 a - a +3 dagger (weapon)
Missiles
 b - a curare-tipped dart
 e - 6 poisoned darts
Armour
 c - a +0 scale mail (worn)
Wands
 k - a wand of paralysis (6)
Scrolls
 f - a scroll of vulnerability {unknown}
 g - a scroll of teleportation {unknown}
 h - a scroll of identify {unknown}
 j - a scroll of blinking {unknown}
Potions
 i - a potion of attraction {unknown}


   Skills:
 - Level 4.3 Fighting
 + Level 4.4 Short Blades
 - Level 2.4 Throwing
 - Level 4.8 Armour


You had 4 spell levels left.
You didn't know any spells.
Your spell library contained the following spells:

 Spells                   Type           Power      Damage    Failure   Level
 Foxfire                  Conj/Fire      0%         2x1d4     63%         1
 Fireball                 Conj/Fire      0%         3d3       100%        5
 Plasma Beam              Fire/Air       0%         2x1d10    100%        6
 Starburst                Conj/Fire      0%         6d3       100%        6


Dungeon Overview and Level Annotations

Branches:
Dungeon (3/15) Zot: 1505

Altars:
Fedhas


Innate Abilities, Weirdness & Mutations

You passively map a small area around you.
You are easily found by Zot.
You glow in the dark.
You regain HP and MP as you explore.


Message History

You are no longer poisoned.
The giant cockroach bites you.
* * * LOW HITPOINT WARNING * * *
The kobold barely misses you. The adder attacks as you move away!
The adder closely misses you. The kobold hits you but does no damage.
The kobold attacks as you move away! The kobold hits you but does no damage.
The goblin hits you but does no damage. The adder bites you.
* * * LOW HITPOINT WARNING * * *
You are poisoned.
The adder poisons you! The adder attacks as you move away!
The adder bites you but does no damage.
You feel sick.
You feel sick.
You hit the adder.
The adder is lightly wounded.
You feel sick. The adder bites you but does no damage.
You closely miss the adder.
The adder is lightly wounded.
You feel sick. The adder bites you but does no damage.
You hit the adder.
The adder is lightly wounded.
The adder bites you.
* * * LOW HITPOINT WARNING * * *
The adder bites you.
* * * LOW HITPOINT WARNING * * *
You are lethally poisoned!
The adder poisons you!
You closely miss the adder.
The adder is lightly wounded.
* * * LOW HITPOINT WARNING * * *
You feel sick. The adder bites you but does no damage.
You hit the adder.
The adder is heavily wounded.
* * * LOW HITPOINT WARNING * * *
You feel sick. The adder barely misses you.
You closely miss the adder.
The adder is heavily wounded.
You die...

#.....................#.. *
..'.....................#..
..#.....................#..
. #.........g.......#..)#..
+
*#.......gl.g.............
, ,,
..........gK.####.#######.
* ######.####..##.....## #.
#...###g.##.....# ##.
###.@#....##(.#.#.##.
##.SBK.###.88....#.
###...#.#...#.###.
##..##)...# # #.
#.##...##.# #. #.#..###
#..*#. #.#.##########.
#..............
#.........##..#


You could see an adder, a giant cockroach and a kobold.

Vanquished Creatures
  A gnoll (D:3)
  2 adders
  2 worms
  2 dart slugs (D:3)
  5 orcs (D:3)
  2 endoplasms (D:1)
  2 giant cockroaches
  5 goblins
  4 hobgoblins
  7 jackals
  2 quokkas
  5 ball pythons
  A bat (D:1)
  2 kobolds
  2 rats
44 creatures vanquished.

Notes
Turn   | Place    | Note
-------+----------+-------------------------------------------
     0 | D:1      | lunkers the Meteoran Wanderer began the quest for the Orb.
     0 | D:1      | lunkers set off with the following items: a +3 dagger, a
                  | curare-tipped dart, a +0 scale mail, a potion of
                  | lignification.
     0 | D:1      | Reached XP level 1. HP: 22/22 MP: 2/2
    46 | D:1      | Reached skill level 1 in Short Blades
    48 | D:1      | Reached XP level 2. HP: 28/28 MP: 3/3
   231 | D:2      | Reached XP level 3. HP: 32/34 MP: 4/4
   467 | D:3      | Reached XP level 4. HP: 13/41 MP: 5/5
   488 | D:3      | Found a blossoming altar of Fedhas.
   599 | D:3      | HP: 2/41 [goblin/+0 club (3)]
   633 | D:3      | Reached XP level 5. HP: 12/47 MP: 6/6
   779 | D:3      | HP: 2/47 [adder (2)]
   782 | D:3      | Succumbed to an adder's poison

Illustrated notes

Levels and vault maps discovered:
D:1:      wander_arrival_desolate, layout_basic
D:2:      layout_basic, basic_altar, minmay_misc_feat_rows,
          hangedman_decor_clover_reticule
D:3:      layout_basic, lemuel_round_altar, mainiacjoe_overflow_24_doors,
          chequers_arboretum, guppyfry_early_orc_mine

Skill      XL: |  1  2  3  4 |
---------------+-------------+-----
Short Blades   | 1 2 3 4 |  4.4
Fighting       | |  4.3
Throwing       | |  2.4
Armour         | |  4.8

Action                     |  1- 3 |  4- 6 || total
---------------------------+-------+-------++-------
  Melee: Dagger            |   108 |   121 ||   229
         Punch             |       |     4 ||     4
    Use: Potion            |       |     1 ||     1
 Armour: Scale mail        |    53 |    58 ||   111
         Skin              |       |    32 ||    32
  Dodge: Dodged            |    33 |    49 ||    82

Table legend: (Time is in decaauts)
 A = Elapsed time spent in this place.
 B = Non-inter-level travel time spent in this place.
 C = Inter-level travel time spent in this place.
 D = Time resting spent in this place.
 E = Time spent auto-exploring this place.
 F = Levels seen in this place.
 G = Mean time per level.
                   A        B        C        D        E       F      G
               +--------+--------+--------+--------+--------+-----+--------+
         Total |    745 |    743 |      2 |      7 |    348 |   3 |  248.3 |
       Dungeon |    745 |    743 |      2 |      7 |    348 |   3 |  248.3 |
               +--------+--------+--------+--------+--------+-----+--------+

Top non-repeatable levels by time:
     D:3: 320 daAuts
     D:2: 271 daAuts
     D:1: 153 daAuts
